 Dungeon Crawl Stone Soup version 0.22-a0-422-g9628fc8 (webtiles) character file.

531 Mgcat the Fighter (level 7, -6/63 HPs)
             Began as a Gnoll Wanderer on May 20, 2018.
             Killed by divine providence
             ... invoked by an orc priest
              (12 damage)
             ... on level 4 of the Dungeon.
             The game lasted 00:07:51 (2909 turns).

Mgcat the Fighter (Gnoll Wanderer)                  Turns: 2909, Time: 00:07:52

Health: -6/63      AC: 10    Str: 19    XL:     7   Next: 24%
Magic:  10/10      EV: 16    Int: 13    God:
Gold:   91         SH:  0    Dex: 18    Spells: 10/10 levels left

rFire    . . .     SeeInvis .   v - +0 broad axe
rCold    . . .     Gourm    .   (no shield)
rNeg     . . .     Faith    .   a - +2 scale mail
rPois    .         Spirit   .   (no helmet)
rElec    .         Reflect  .   u - +0 cloak
rCorr    .         Harm     .   (no gloves)
MR       .....                  (no boots)
Stlth    ++........             (no amulet)
HPRegen  0.20/turn              (no ring)
MPRegen  0.12/turn              (no ring)

@: agile
A: distributed training, fangs 1, strong nose
a: no special abilities


You were on level 4 of the Dungeon.
You were not hungry.

You visited 1 branch of the dungeon, and saw 4 of its levels.

You collected 91 gold pieces.

Inventory:

Hand Weapons
 v - a +0 broad axe (weapon)
   (You found it on level 2 of the Dungeon)
Armour
 a - a +2 scale mail (worn)
 u - a +0 cloak (worn)
   (You found it on level 2 of the Dungeon)
Wands
 g - a wand of acid (10)
   (You found it on level 4 of the Dungeon)
Scrolls
 b - a scroll of teleportation
 h - a scroll of blinking {!r}
 i - a scroll of identify
 t - a scroll of amnesia
Potions
 c - 2 potions of lignification {!q}
 e - a potion of flight
 j - a potion of haste {unknown}
 k - a potion of resistance {unknown}
 m - a potion of might {unknown}
 p - a potion of agility
 q - a potion of degeneration {unknown}
Comestibles
 d - 5 chunks of flesh {@w0}
 f - 8 rations


   Skills:
 + Level 8.9 Fighting
 + Level 2.3 Short Blades
 + Level 2.3 Long Blades
 + Level 2.3 Axes
 + Level 2.3 Maces & Flails
 + Level 2.3 Polearms
 + Level 2.3 Staves
 + Level 2.3 Slings
 + Level 2.3 Bows
 + Level 3.5 Crossbows
 + Level 3.5 Throwing
 + Level 5.1 Armour
 + Level 2.3 Dodging
 + Level 2.3 Stealth
 + Level 3.5 Shields
 + Level 3.5 Unarmed Combat
 + Level 2.3 Spellcasting
 + Level 1.9 Conjurations
 + Level 1.9 Hexes
 + Level 1.9 Charms
 + Level 1.9 Summonings
 + Level 1.9 Necromancy
 + Level 1.9 Translocations
 + Level 1.9 Transmutations
 + Level 1.9 Fire Magic
 + Level 1.9 Ice Magic
 + Level 1.9 Air Magic
 + Level 1.9 Earth Magic
 + Level 1.9 Poison Magic
 + Level 2.5 Invocations
 + Level 2.3 Evocations


You had 10 spell levels left.
You didn't know any spells.
Your spell library was empty.

Dungeon Overview and Level Annotations

Branches:
Dungeon (4/15)
 Temple: D:4-7

Altars:
Nemelex Xobeh
Qazlal


Innate Abilities, Weirdness & Mutations

Your experience applies equally to all skills.
You have very sharp teeth.
Your uncanny sense of smell can sniff out nearby items.


Message History

The worm is lightly wounded.
You slice the worm!!
You kill the worm!
No target in view!
No target in view!
No target in view!
You butcher the worm corpse.
d - 5 chunks of flesh {@w0} (gained 3)
An orc comes into view. It is wielding a club.
The orc shouts!
An orc is nearby!
An orc priest comes into view.
It is wielding a hand axe. 2 orcs and an orc priest come into view.
The orc shouts!
The orc priest shouts!
The orc hits you but does no damage.
The orc moves out of view.
The orc priest moves out of view.
You closely miss the orc. You bite the orc.
The orc is heavily wounded.
The orc hits you with a club.
You closely miss the orc.
The orc is heavily wounded.
The orc hits you with a club.
You hit the orc but do no damage. Your bite misses the orc.
The orc is heavily wounded.
The orc hits you but does no damage.
The orc priest invokes the aid of Beogh against you.
Beogh smites you! The orc hits you but does no damage.
You are too injured to fight recklessly!
You are too injured to fight recklessly!
You are too injured to fight recklessly!
You are too injured to fight recklessly!
You are too injured to fight recklessly!
You are too injured to fight recklessly!
You are too injured to fight recklessly!
You barely miss the orc. You bite the orc.
The orc is heavily wounded.
The orc priest calls upon Beogh to heal the orc.
The orc's wounds heal themselves!
The orc hits you but does no damage.
You hit the orc. You punch the orc.
The orc is severely wounded.
The orc barely misses you.
You hit the orc.
You kill the orc!
The orc hits you with a hand axe.
You hit the orc.
The orc is heavily wounded.
The orc hits you but does no damage.
You hit the orc.
The orc is heavily wounded.
The orc barely misses you. x2
You slash the orc!
You kill the orc!
The orc hits you but does no damage.
You slash the orc!
You kill the orc!
The orc priest invokes the aid of Beogh against you.
Beogh smites you!
The orc priest invokes the aid of Beogh against you.
Beogh smites you!
The orc priest calls down the wrath of Beogh upon you.
You struggle to resist.
Items here: ))) † a club; a hand axe; a club; an orc corpse You barely miss the orc priest. x2; The orc priest closely misses you.
The orc priest hits you with a hand axe.
The orc priest hits you but does no damage.
You barely miss the orc priest. You closely miss the orc priest.
The orc priest looks satisfied for a moment.
The orc priest hits you. The orc priest barely misses you.
You hit the orc priest.
The orc priest is heavily wounded.
You hit the orc priest but do no damage.
The orc priest hits you but does no damage.
The orc priest hits you with a hand axe.
* * * LOW HITPOINT WARNING * * *
The orc priest closely misses you.
You closely miss the orc priest. Your bite misses the orc priest.
You barely miss the orc priest.
The orc priest hits you but does no damage.
The orc priest misses you.
Okay, then.
You barely miss the orc priest.
You hit the orc priest but do no damage.
The orc priest casts a cantrip, but nothing happens.
The orc priest hits you but does no damage.
The orc priest barely misses you.
The orc priest calls down the wrath of Beogh upon you.
Pain shoots through your body!
* * * LOW HITPOINT WARNING * * *
You barely miss the orc priest.
The orc priest is heavily wounded.
You hit the orc priest but do no damage.
The orc priest hits you but does no damage.
The orc priest barely misses you.
It was a potion of agility.
You feel agile all of a sudden.
The orc priest miscasts a cantrip.
The orc priest mumbles some strange prayers to Beogh against you.
Beogh smites you!
You die...

## ###
##.##.##
#......#
#......+
#......#
#...oo.#
#######@.#
∆
#.>#...###
∆ #......#
#......#
####
#.##..##
#..#
###.#####
...#
#....#
...#
#....#
...#
#....#


You could see 2 orc priests.

Vanquished Creatures
  A big kobold (D:4)
  A scorpion (D:3)
  An orc priest (D:4)
  An orc wizard (D:3)
  Terence (D:3)
  Natasha (twice) (D:3)
  3 worker ants (D:4)
  7 gnolls
  3 adders
  2 oozes
  An adder skeleton (D:4)
  3 worms
  2 dart slugs (D:2)
  3 leopard geckos (D:2)
  14 orcs
  6 bats
  4 giant cockroaches
  2 hobgoblins (D:1)
  4 jackals (D:2)
  2 kobolds (D:3)
  3 quokkas
  4 frilled lizards
  9 goblins
  11 rats
90 creatures vanquished.

Notes
Turn   | Place    | Note
-------+----------+-------------------------------------------
     0 | D:1      | Mgcat the Gnoll Wanderer began the quest for the Orb.
     0 | D:1      | Mgcat set off with: a +2 scale mail, a scroll of teleportation, a potion of lignification {!q}, a +0 club, a ration
     0 | D:1      | Reached XP level 1. HP: 26/26 MP: 1/1
   298 | D:1      | You fall through a shaft!
   302 | D:2      | Reached XP level 2. HP: 33/33 MP: 2/2
   506 | D:2      | Reached XP level 3. HP: 38/38 MP: 3/3
   630 | D:2      | Reached skill level 1 in Invocations
   637 | D:2      | Reached skill level 1 in Short Blades
   637 | D:2      | Reached skill level 1 in Long Blades
   637 | D:2      | Reached skill level 1 in Axes
   637 | D:2      | Reached skill level 1 in Maces & Flails
   637 | D:2      | Reached skill level 1 in Polearms
   637 | D:2      | Reached skill level 1 in Staves
   637 | D:2      | Reached skill level 1 in Slings
   637 | D:2      | Reached skill level 1 in Bows
   637 | D:2      | Reached skill level 1 in Dodging
   637 | D:2      | Reached skill level 1 in Stealth
   637 | D:2      | Reached skill level 1 in Spellcasting
   637 | D:2      | Reached skill level 1 in Evocations
   643 | D:2      | HP: 8/38 [gnoll/spear (5)]
   647 | D:2      | HP: 2/38 [gnoll/spear (5)]
   652 | D:2      | Reached XP level 4. HP: 2/45 MP: 5/5
  1380 | D:2      | Found a sparkling altar of Nemelex Xobeh.
  1559 | D:3      | Noticed Terence
  1574 | D:3      | Killed Terence
  1574 | D:3      | Reached skill level 1 in Conjurations
  1574 | D:3      | Reached skill level 1 in Hexes
  1574 | D:3      | Reached skill level 1 in Charms
  1574 | D:3      | Reached skill level 1 in Summonings
  1574 | D:3      | Reached skill level 1 in Necromancy
  1574 | D:3      | Reached skill level 1 in Translocations
  1574 | D:3      | Reached skill level 1 in Transmutations
  1574 | D:3      | Reached skill level 1 in Fire Magic
  1574 | D:3      | Reached skill level 1 in Ice Magic
  1574 | D:3      | Reached skill level 1 in Air Magic
  1574 | D:3      | Reached skill level 1 in Earth Magic
  1574 | D:3      | Reached skill level 1 in Poison Magic
  1601 | D:3      | Reached XP level 5. HP: 41/51 MP: 6/6
  1711 | D:3      | Reached skill level 3 in Crossbows
  1711 | D:3      | Reached skill level 3 in Throwing
  1711 | D:3      | Reached skill level 3 in Shields
  1711 | D:3      | Reached skill level 3 in Unarmed Combat
  1837 | D:3      | Noticed Natasha
  1847 | D:3      | Killed Natasha
  1847 | D:3      | Reached XP level 6. HP: 57/57 MP: 8/8
  1911 | D:3      | Reached skill level 2 in Invocations
  2038 | D:3      | Found a stormy altar of Qazlal.
  2187 | D:3      | Noticed Natasha
  2195 | D:3      | Killed Natasha
  2195 | D:3      | Reached skill level 2 in Short Blades
  2195 | D:3      | Reached skill level 2 in Long Blades
  2195 | D:3      | Reached skill level 2 in Axes
  2195 | D:3      | Reached skill level 2 in Maces & Flails
  2195 | D:3      | Reached skill level 2 in Polearms
  2195 | D:3      | Reached skill level 2 in Staves
  2195 | D:3      | Reached skill level 2 in Slings
  2195 | D:3      | Reached skill level 2 in Bows
  2195 | D:3      | Reached skill level 5 in Armour
  2195 | D:3      | Reached skill level 2 in Dodging
  2195 | D:3      | Reached skill level 2 in Stealth
  2195 | D:3      | Reached skill level 2 in Spellcasting
  2195 | D:3      | Reached skill level 2 in Evocations
  2375 | D:4      | HP: 13/57 [big kobold (5)]
  2382 | D:4      | HP: 8/57 [big kobold (1)]
  2385 | D:4      | Reached XP level 7. HP: 6/63 MP: 10/10
  2907 | D:4      | HP: 5/63 [orc priest/nerve-wracking pain (13)]
  2909 | D:4      | Killed from afar by an orc priest

Vault maps used:
D:1:      wheals_arrival_linesprint, minmay_pentomino_o2
D:2:      nemelex_spade_bored_becter
D:3:      grunt_qazlal_sundering, uniq_terence, uniq_natasha
D:4:      kennysheep_mini, first_ration

Skill      XL: |  1  2  3  4  5  6 |
---------------+-------------------+-----
Invocations    | 1 2 |  2.5
Short Blades   | 1 2 |  2.3
Long Blades    | 1 2 |  2.3
Axes           | 1 2 |  2.3
Maces & Flails | 1 2 |  2.3
Polearms       | 1 2 |  2.3
Staves         | 1 2 |  2.3
Slings         | 1 2 |  2.3
Bows           | 1 2 |  2.3
Dodging        | 1 2 |  2.3
Stealth        | 1 2 |  2.3
Spellcasting   | 1 2 |  2.3
Evocations     | 1 2 |  2.3
Conjurations   | 1 |  1.9
Hexes          | 1 |  1.9
Charms         | 1 |  1.9
Summonings     | 1 |  1.9
Necromancy     | 1 |  1.9
Translocations | 1 |  1.9
Transmutations | 1 |  1.9
Fire Magic     | 1 |  1.9
Ice Magic      | 1 |  1.9
Air Magic      | 1 |  1.9
Earth Magic    | 1 |  1.9
Poison Magic   | 1 |  1.9
Crossbows      | 3 |  3.5
Throwing       | 3 |  3.5
Shields        | 3 |  3.5
Unarmed Combat | 3 |  3.5
Armour         | 5 |  5.1
Fighting       | |  8.9

Action                   |  1- 3 |  4- 6 |  7- 9 || total
-------------------------+-------+-------+-------++-------
Melee: Club              |    36 |       |       ||    36
       Bite              |     9 |    12 |     6 ||    27
       Unarmed           |    74 |    29 |       ||   103
       Punch             |     1 |     1 |     2 ||     4
       Broad axe         |       |   132 |    51 ||   183
  Use: Scroll            |       |       |     7 ||     7
       Potion            |       |       |     1 ||     1
  Eat: Chunk             |       |     5 |     2 ||     7
Armor: Scale mail        |    50 |   108 |    35 ||   193
Dodge: Dodged            |    43 |   105 |    30 ||   178

Table legend:
 A = Spawn XP
 B = Non-spawn XP
 C = Spawn XP percentage of total XP
 D = Spawn monster count
 E = Non-spawn monster count
 F = Spawn count percentage of total count
 G = Total turns spent on level
                    A         B        C        D         E        F      G
               +---------+---------+-------+---------+---------+-------+---------
         Total |       0 |     759 |   0.0 |       0 |      90 |   0.0 |  2909
               +---------+---------+-------+---------+---------+-------+---------
           D:1 |       0 |       9 |   0.0 |       0 |       7 |   0.0 |   298
           D:2 |       0 |     107 |   0.0 |       0 |      29 |   0.0 |  1250
           D:3 |       0 |     350 |   0.0 |       0 |      36 |   0.0 |   963
           D:4 |       0 |     293 |   0.0 |       0 |      18 |   0.0 |   398
               +---------+---------+-------+---------+---------+-------+---------

Vault maps used:
D:1:      wheals_arrival_linesprint, minmay_pentomino_o2
D:2:      nemelex_spade_bored_becter
D:3:      grunt_qazlal_sundering, uniq_terence, uniq_natasha
D:4:      kennysheep_mini, first_ration

Table legend:
 A = Turns spent in this place as a percentage of turns spent in the entire game.
 B = Non-inter-level travel turns spent in this place as a percentage of non-inter-level travel turns spent in the entire game.
 C = Inter-level travel turns spent in this place as a percentage of turns spent in this place.
 D = Turns resting spent in this place as a percentage of non-inter-level travel turns spent in this place.
 E = Turns spent auto-exploring this place as a percentage of non-inter-level travel turns spent in this place.
 F = Non-inter-level travel turns spent in this place divided by the number of levels of this place that you've seen.
                   A       B       C       D       E      F
               +-------+-------+-------+-------+-------+----------------------
         Total | 100.0 | 100.0 |   2.0 |   0.0 |  78.1 | 712.8
       Dungeon | 100.0 | 100.0 |   2.0 |   0.0 |  78.1 | 712.8
               +-------+-------+-------+-------+-------+----------------------

Table legend:
 A = Kills in this place as a percentage of kills in entire the game.
 B = Kills by you in this place as a percentage of kills by you in the entire game.
 C = Kills by friends in this place as a percentage of kills by friends in the entire game.
 D = Other kills in this place as a percentage of other kills in the entire game.
 E = Experience gained in this place as a percentage of experience gained in the entire game.
 F = Experience gained in this place divided by the number of levels of this place that you have seen.
                   A       B       C       D       E      F
               +-------+-------+-------+-------+-------+----------------------
         Total | 100.0 | 100.0 |   N/A |   N/A | 100.0 | 189.8
       Dungeon | 100.0 | 100.0 |   N/A |   N/A | 100.0 | 189.8
               +-------+-------+-------+-------+-------+----------------------
